 Dungeon Crawl Stone Soup version 0.19.1 (webtiles) character file.

25183 Idleism the Brawler (level 12, -3/198 HPs)
             Began as a Troll Berserker on Dec 9, 2016.
             Was a High Priest of Trog.
             Slain by a freezing wraith (10 damage)
             ... in an ice cave on Dec 10, 2016.
             The game lasted 00:39:19 (13217 turns).

Idleism the Brawler (Troll Berserker)              Turns: 13217, Time: 00:39:20

Health: -3/198     AC:  7    Str: 36    XL:     12   Next: 87%
Magic:  11/11      EV: 11    Int:  4    God:    Trog [*****.]
Gold:   799        SH:  0    Dex:  9    Spells: 0 memorised, 11 levels left

rFire  . . .     SeeInvis .       - Unarmed
rCold  + + .     Gourm    +     a - +1 animal skin
rNeg   . . .     Faith    +     (no shield)
rPois  .         Spirit   .     (helmet restricted)
rElec  .         Reflect  .     C - +0 cloak
rCorr  .         Harm     .     (gloves unavailable)
MR     ++...                    (boots unavailable)
Stlth  ..........               G - amulet of faith
                                E - ring of protection from cold
                                J - ring of protection from cold

@: berserking, regenerating, slowed
A: unfitting armour, claws 3, fast metabolism 3, gourmand, regeneration 1,
shaggy fur 1, tough skin 2
a: Berserk, Trog's Hand, Brothers in Arms, Burn Spellbooks, Renounce Religion


You were in an ice cave.
You worshipped Trog.
Trog was extremely pleased with you.
You were not hungry.

You visited 3 branches of the dungeon, and saw 15 of its levels.
You also visited: Ice Cave.

You collected 799 gold pieces.

Inventory:

Hand Weapons
 H - a +2 scimitar of flaming
 K - the +8 rapier of the Queen {protect, *Noise MR+ Int+3 Dex+6}
   (You found it on level 3 of the Lair of Beasts)

   It protects the one who uses it against injury (+AC on strike).
   It affects your intelligence (+3).
   It affects your dexterity (+6).
   It affects your resistance to hostile enchantments.
   It may make noises in combat.
 R - a +8 glaive
Armour
 a - a +1 animal skin (worn)
 C - a +0 cloak (worn)
Jewellery
 i - an uncursed ring of ice
 k - a +2 ring of strength
 D - an uncursed ring of poison resistance
 E - a ring of protection from cold (right claw)
 G - an amulet of faith (around neck)
 I - an uncursed ring of see invisible
 J - a ring of protection from cold (left claw)
 O - a +2 ring of evasion
Wands
 t - a wand of flame (48/48)
 L - a wand of lightning (3/15)
 N - a wand of confusion (29/48)
 W - a wand of acid (9/15)
Scrolls
 m - a scroll of fog
 n - 3 scrolls of enchant armour
 o - 11 scrolls of identify
 p - 6 scrolls of remove curse
 s - a scroll of recharging
 u - 3 scrolls of teleportation
 w - 2 scrolls of holy word
 F - 3 scrolls of noise
 M - a scroll of brand weapon {unknown}
 Q - a scroll of summoning {unknown}
 S - a scroll of acquirement {unknown}
Potions
 c - 2 potions of cure mutation {unknown}
 e - 2 potions of cancellation {unknown}
 g - 5 potions of curing
 l - 2 potions of agility {unknown}
 q - 3 potions of magic
 r - 2 potions of flight {unknown}
 v - 2 potions of lignification {unknown}
 x - a potion of ambrosia {unknown}
 A - a potion of degeneration {unknown}
 B - 2 potions of heal wounds {unknown}
 T - a potion of berserk rage {unknown}
 U - a potion of resistance {unknown}
Books
 P - the Volume of Poisoning
   (You found it on level 4 of the Lair of Beasts)

   Spells                             Type                      Level
   a - Mephitic Cloud                 Conjuration/Poison/Air       3
   b - Ignite Poison                  Fire/Transmutation/Poison    3
   c - Olgreb's Toxic Radiance        Poison                       4
   d - Poisonous Cloud                Conjuration/Poison/Air       6
   Trog disapproves of the use of such an item.
 V - a book of Cantrips

   Spells                             Type                      Level
   a - Confusing Touch                Hexes                        1
   b - Animate Skeleton               Necromancy                   1
   c - Summon Small Mammal            Summoning                    1
   d - Apportation                    Translocation                1
   Trog disapproves of the use of such an item.
Comestibles
 b - 17 bread rations
 f - 4 meat rations
 h - 5 beef jerkies
 j - 14 slices of pizza
 z - 19 fruits


   Skills:
 - Level 12.0 Fighting
 - Level 4.1 Dodging
 - Level 1.3 Stealth
 + Level 15.6 Unarmed Combat


You had 11 spell levels left.
You didn't know any spells.

Dungeon Overview and Level Annotations

Branches:
Dungeon (8/15)             Temple (1/1) D:4            Lair (6/6) D:8
 Shoals (0/4) Lair:2        Snake (0/4) Lair:2
  Slime: Lair:5-6

Altars:
Fedhas
Gozag
Hepliaklqana
Kikubaaqudgha
Nemelex Xobeh
Qazlal
Vehumet
Xom
The Shining One

Annotations:
Lair:4 exclusion: hydra
Lair:5 exclusion: 2 oklob plants
Lair:6 murphy's ghost, journeyman FoFi


Innate Abilities, Weirdness & Mutations

You are too large for most types of armour.
You have claws for hands.
Your metabolism is lightning-fast.
You like to eat raw meat.
Your natural rate of healing is unusually fast.
You are covered in fur. (AC +1)
You have very tough skin. (AC +2)


Message History

The freezing wraith drains your vigour!
You feel as though you will be slow longer.
You claw the freezing wraith!
The freezing wraith is almost destroyed.
The white imp closely misses you. The freezing wraith hits you.
* * * LOW HITPOINT WARNING * * *
The freezing wraith freezes you. You resist.
* * * LOW HITPOINT WARNING * * *
The freezing wraith hits you.
* * * LOW HITPOINT WARNING * * *
The freezing wraith drains your vigour!
You feel as though you will be slow longer.
A troll simulacrum comes into view.
You scratch the freezing wraith.
The freezing wraith is almost destroyed.
The white imp hits you but does no damage.
You scratch the freezing wraith.
The freezing wraith is almost destroyed.
The freezing wraith closely misses you. The freezing wraith hits you!
You die...

#.......##....##.......#
##.....####..#####....##
#......# #### ##..##
##....## #### ### #...##
##.## ##..## ### #...##
#..## ##.## #....####..#
##W5Z# #..#...#...#
#.@#.....# #..##.....##
##..##5.5..# ##.###...##
#..## .W...# #..######
##..# ..... ##..## #..##
...W. #...## ##..# ....
##...## #..## .W.#
##...####.## ##...##..#


You could see a freezing wraith, a white imp and a troll simulacrum.

Vanquished Creatures
  The ghost of XO4YCPATb the Thaumaturge, a journeyman DEFE of Vehumet (Lair:4)
  2 hydras
  Erica (D:8)
  The ghost of Philosophy the Cruncher, a novice FoFi of Okawaru (Lair:1)
  9 elephants
  4 black mambas
  A gargoyle (D:7)
  4 spiny frogs
  A rime drake (Lair:3)
  5 komodo dragons
  6 freezing wraiths (IceCv)
  Prince Ribbit (D:7)
  5 blink frogs
  4 hippogriffs
  A snapping turtle (Lair:2)
  A wyvern (D:6)
  A spriggan (D:8)
  15 yaks
  A hungry ghost (D:7)
  A death yak simulacrum (IceCv)
  A basilisk (Lair:2)
  A steam dragon (Lair:6)
  A mottled dragon (Lair:6)
  4 nagas (Lair:2)
  5 water moccasins
  3 orc warriors
  7 porcupines
  7 ice beasts
  3 sky beasts
  A phantom (D:8)
  5 ogres
  15 wolves
  3 centaurs
  10 crocodiles
  7 bullfrogs
  A scorpion (D:5)
  2 elephant simulacra (IceCv)
  4 wights (D:7)
  2 electric eels (D:6)
  2 howler monkeys
  2 lava snakes (Lair:6)
  2 bullfrog zombies (D:8)
  A quasit (D:6)
  A gnoll shaman (D:5)
  5 orc priests
  Crazy Yiuf (D:6)
  A hound (D:6)
  9 orc wizards
  3 iguanas
  7 hell rats (Lair:2)
  4 worker ants
  A polar bear simulacrum (IceCv)
  A howler monkey skeleton (D:5)
  8 gnolls
  13 adders
  A shadow imp (D:8)
  9 white imps (IceCv)
  An ooze (D:3)
  3 worms
  2 dart slugs
  6 leopard geckos
  39 orcs
  2 ball pythons
  3 bats
  2 bat zombies (D:2)
  12 giant cockroaches
  14 goblins
  7 hobgoblins
  17 jackals
  5 quokkas
  A ball python skeleton (D:5)
  3 frilled lizards
  2 kobolds
  A leopard gecko skeleton (D:7)
  4 rats
  A rat zombie (D:2)
  A butterfly (Lair:4)
  2 plants (D:1)
346 creatures vanquished.

Vanquished Creatures (others)
  A bush (Lair:6)
  3 fungi
  7 plants
11 creatures vanquished.

Grand Total: 357 creatures vanquished

Notes
Turn   | Place    | Note
-------+----------+-------------------------------------------
     0 | D:1      | Idleism the Troll Berserker began the quest for the Orb.
     0 | D:1      | Reached XP level 1. HP: 22/22 MP: 0/0
   167 | D:1      | Reached XP level 2. HP: 29/29 MP: 1/1
  1069 | D:2      | Reached XP level 3. HP: 36/36 MP: 2/2
  1163 | D:2      | Reached skill level 4 in Unarmed Combat
  1215 | D:2      | Found an ancient bone altar of Kikubaaqudgha.
  1293 | D:2      | Found a radiant altar of Vehumet.
  1379 | D:2      | Reached ** piety under Trog
  1396 | D:2      | Reached XP level 4. HP: 44/44 MP: 3/3
  1996 | D:3      | Reached skill level 5 in Unarmed Combat
  1996 | D:3      | Reached XP level 5. HP: 50/50 MP: 4/4
  2030 | D:3      | Found a glowing golden altar of the Shining One.
  2265 | D:3      | Reached *** piety under Trog
  2732 | D:4      | Found a staircase to the Ecumenical Temple.
  2745 | Temple   | Entered the Ecumenical Temple
  2846 | D:4      | Reached XP level 6. HP: 52/59 MP: 5/5
  3147 | D:5      | Entered Level 5 of the Dungeon
  3159 | D:5      | Noticed a sky beast
  3172 | D:5      | Killed a sky beast
  3172 | D:5      | Reached skill level 1 in Stealth
  3172 | D:5      | Reached skill level 6 in Unarmed Combat
  3617 | D:5      | Found a stormy altar of Qazlal.
  3662 | D:5      | Reached XP level 7. HP: 46/66 MP: 6/6
  4124 | D:6      | Reached skill level 7 in Unarmed Combat
  4200 | D:6      | Found a runed door.
  4204 | D:6      | Noticed Crazy Yiuf
  4211 | D:6      | Killed Crazy Yiuf
  4391 | D:6      | Reached XP level 8. HP: 67/79 MP: 7/7
  4456 | D:6      | Found a blossoming altar of Fedhas.
  4510 | D:6      | Reached skill level 5 in Fighting
  4640 | D:6      | Reached **** piety under Trog
  5226 | D:7      | Noticed a gargoyle
  5237 | D:7      | Killed a gargoyle
  5237 | D:7      | Reached skill level 8 in Unarmed Combat
  5237 | D:7      | Reached XP level 9. HP: 67/93 MP: 8/8
  5645 | D:7      | Reached skill level 9 in Unarmed Combat
  5791 | D:7      | Noticed Prince Ribbit
  5793 | D:7      | Killed Prince Ribbit
  5802 | D:7      | Reached ***** piety under Trog
  5877 | D:7      | Reached skill level 10 in Unarmed Combat
  6021 | D:7      | Found a sparkling altar of Nemelex Xobeh.
  6022 | D:7      | Found a hazy altar of Hepliaklqana.
  6023 | D:7      | Found a shimmering altar of Xom.
  6293 | D:8      | Reached skill level 11 in Unarmed Combat
  6354 | D:8      | Found a staircase to the Lair.
  6448 | D:8      | Reached XP level 10. HP: 102/102 MP: 9/9
  6456 | D:8      | Received a gift from Trog
  6606 | D:8      | Noticed Erica
  6623 | D:8      | Killed Erica
  6811 | D:8      | Reached skill level 12 in Unarmed Combat
  6820 | Lair:1   | Entered Level 1 of the Lair of Beasts
  6824 | Lair:1   | Noticed Philosophy's ghost (novice FoFi)
  6840 | Lair:1   | Killed Philosophy's ghost
  6885 | Lair:1   | Noticed a spiny frog
  6894 | Lair:1   | Killed a spiny frog
  6988 | D:8      | Reached skill level 13 in Unarmed Combat
  7923 | Lair:2   | Noticed a spiny frog
  7926 | Lair:2   | Killed a spiny frog
  7926 | Lair:2   | Reached XP level 11. HP: 109/109 MP: 10/10
  7941 | Lair:2   | Reached skill level 14 in Unarmed Combat
  8149 | Lair:2   | Found a staircase to the Shoals.
  8204 | Lair:2   | Found a staircase to the Snake Pit.
  9030 | Lair:3   | Got a warped rapier
  9037 | Lair:3   | Identified the +8 rapier of the Queen {protect, *Noise MR+ Int+3 Dex+6} (You found it on level 3 of the Lair of Beasts)
  9673 | Lair:3   | Reached skill level 10 in Fighting
 10198 | Lair:4   | Identified the Volume of Poisoning
 10478 | Lair:4   | Reached XP level 12. HP: 79/128 MP: 11/11
 10803 | Lair:4   | Noticed XO4YCPATb's ghost (journeyman DEFE)
 10831 | Lair:4   | Killed XO4YCPATb's ghost
 11055 | Lair:4   | Noticed a seven-headed hydra
 11209 | Lair:4   | Noticed a four-headed hydra
 11219 | Lair:4   | Killed a one-headed hydra
 11510 | Lair:5   | Received a gift from Trog
 11803 | Lair:5   | Noticed a five-headed hydra
 11813 | Lair:5   | Killed a one-headed hydra
 12419 | Lair:6   | Entered Level 6 of the Lair of Beasts
 12726 | Lair:5   | Reached skill level 15 in Unarmed Combat
 12838 | Lair:6   | Noticed a seven-headed hydra
 12848 | Lair:6   | Noticed murphy's ghost (journeyman FoFi)
 12849 | Lair:6   | Noticed a five-headed hydra
 12853 | Lair:6   | Noticed a four-headed hydra
 12863 | Lair:6   | Found a frozen archway.
 12872 | IceCv    | Entered an ice cave
 13199 | IceCv    | Received a gift from Trog
 13214 | IceCv    | HP: 9/198 [freezing wraith (4)]
 13215 | IceCv    | HP: 4/198 [freezing wraith (2)]
 13217 | IceCv    | Slain by a freezing wraith

Skill      XL: |  1  2  3  4  5  6  7  8  9 10 11 12 |
---------------+-------------------------------------+-----
Dodging        | 3 4 |  4.1
Unarmed Combat | 4 5 6 7 8 11 13 14 15 | 15.6
Stealth        | 1 |  1.3
Fighting       | 4 7 10 12 | 12.0

Action                   |  1- 3 |  4- 6 |  7- 9 | 10-12 || total
-------------------------+-------+-------+-------+-------++-------
Melee: Unarmed           |   125 |   167 |   268 |   479 ||  1039
       Punch             |     3 |     2 |    13 |    35 ||    53
       Scimitar          |       |       |       |    10 ||    10
Invok: Berserk           |     1 |     3 |     8 |    10 ||    22
       Burn Spellbooks   |       |       |     1 |     1 ||     2
       Trog's Hand       |       |       |       |     2 ||     2
       Brothers in Arms  |       |       |       |     1 ||     1
  Use: Scroll            |       |     8 |     3 |     5 ||    16
       Potion            |       |       |       |     3 ||     3
 Stab: Sleeping          |       |     1 |       |     2 ||     3
  Eat: Chunk             |    18 |    22 |    46 |    68 ||   154
Armor: Animal skin       |    33 |    41 |    67 |    99 ||   240
Dodge: Dodged            |    38 |    67 |   113 |   223 ||   441
       Rpst.: Scimitar   |       |       |       |     2 ||     2
